 Dungeon Sprint DCSS version 0.19-a0-1532-g228a5d9 (webtiles) character file.

59 poirepourri the Covert (level 3, -5/16 HPs)
             Began as a Spriggan Enchanter on Sept 13, 2016.
             Splashed by an oklob sapling's acid (14 damage)
             ... in the Dungeon (Sprint IV: "Fedhas' Mad Dash").
             The game lasted 00:00:52 (412 turns).

poirepourri the Covert (Spriggan Enchanter)          Turns: 412, Time: 00:00:53

Health: -5/16      AC: -1    Str:  4    XL:     3   Next: 78%
Magic:  8/8        EV: 21    Int: 16    God:
Gold:   49         SH:  0    Dex: 17    Spells: 2 memorised, 5 levels left

rFire  . . .     SeeInvis +     a - +1 dagger
rCold  . . .     Gourm    .     b - +1 robe
rNeg   . . .     Faith    .     (shield restricted)
rPois  .         Spirit   .     (helmet restricted)
rElec  .         Dismiss  .     (no cloak)
rCorr  .         Reflect  .     (gloves unavailable)
MR     .....     Harm     .     (boots unavailable)
Stlth  +++++..... NoTele   +    (no amulet)
                                (no ring)
                                (no ring)

@: corroded, very quick
A: unfitting armour, see invisible, herbivore 3, speed 3, slow metabolism 2
a: no special abilities


You were in the Dungeon.
You were not hungry.

You visited 1 branch You collected 49 gold pieces.

Inventory:

Hand Weapons
 a - a +1 dagger (weapon)
Armour
 b - a +1 robe (worn)
Jewellery
 e - the amulet of invisibility {+Inv}
   (You found it in the Dungeon)

   [amulet of nothing]

   It lets you turn invisible.
Scrolls
 j - a scroll of blinking
Potions
 g - a potion of haste
 h - a potion of magic
Books
 c - a book of Maledictions

   Spells                             Type                      Level
   a - Corona                         Hexes                        1
   b - Ensorcelled Hibernation        Hexes/Ice                    2
   c - Confuse                        Hexes                        3
   d - Tukima's Dance                 Hexes                        3
   e - Dazzling Spray                 Conjuration/Hexes            3
Comestibles
 d - a bread ration


   Skills:
 + Level 2.1 Short Blades
 + Level 5.9 Dodging
 + Level 9.8 Stealth
 + Level 3.1 Spellcasting
 + Level 4.4 Hexes


You had 5 spell levels left.
You knew the following spells:

 Your Spells              Type           Power        Failure   Level  Hunger
a - Corona                Hex            ###....      3%          1    None
b - Ensorcelled Hibernat  Hex/Ice        #.....       12%         2    ##.....


Dungeon Overview and Level Annotations

Branches:
Dungeon (1/1)

Altars:

Annotations:
D exclusion: oklob sapling


Innate Abilities, Weirdness & Mutations

You are tiny and cannot use many weapons and most armour.
You have supernaturally acute eyesight. (SInv)
You are a herbivore.
You cover ground extremely quickly.
You need consume almost no food.


Message History

You hit the oklob sapling but do no damage.
The oklob sapling is lightly damaged.
You hit the oklob sapling but do no damage.
The oklob sapling is lightly damaged.
You hit the oklob sapling but do no damage.
The oklob sapling is lightly damaged.
You see here 15 gold pieces.
You hit the oklob sapling but do no damage.
You hit the oklob sapling but do no damage.
You completely miss the oklob sapling. The oklob sapling spits acid at you.
The splash of acid misses you.
You hit the oklob sapling but do no damage.
You hit the oklob sapling but do no damage.
You hit the oklob sapling.
The oklob sapling is lightly damaged.
The oklob sapling spits acid at you. The splash of acid hits you!
The acid corrodes you!
The acid burns!
Ouch! That really hurt!
You die...

##################
#<..P#.....#.....#
#PP..'.(...'.#(..+
#PPPP#.....#.#...#
###############'##
+...# #@P$# #####


You could see an oklob sapling.

Vanquished Creatures
  An oklob sapling (D)
  A worker ant (D)
  A river rat (D)
  A rat (D)
4 creatures vanquished.

Notes
Turn   | Place    | Note
-------+----------+-------------------------------------------
     0 | D        | poirepourri the Spriggan Enchanter began the quest for the Orb.
     0 | D        | Reached XP level 1. HP: 9/9 MP: 5/5
    10 | D        | Reached skill level 5 in Stealth
    41 | D        | Reached skill level 7 in Stealth
    41 | D        | Reached XP level 2. HP: 2/13 MP: 6/6
   304 | D        | Learned a level 2 spell: Ensorcelled Hibernation
   309 | D        | Noticed an oklob sapling
   311 | D        | Killed an oklob sapling
   311 | D        | Reached skill level 5 in Dodging
   311 | D        | Reached skill level 9 in Stealth
   311 | D        | Reached XP level 3. HP: 16/16 MP: 8/8
   394 | D        | Noticed an oklob sapling
   412 | D        | Splashed by an oklob sapling's acid

Vault maps used:
D:        dungeon_sprint_fedhas

Skill      XL: |  1  2  3 |
---------------+----------+-----
Stealth        | 7 9 |  9.8
Dodging        | 4 5 |  5.9
Short Blades   | 2 |  2.1
Spellcasting   | 3 |  3.1
Hexes          | 4 |  4.4

Action                   || total
-------------------------++-------
Melee: Dagger            ||    47
 Cast: Corona            ||     1
       Ensorcelled Hiber ||     5
  Use: Potion            ||     4
 Stab: Sleeping          ||     3
Armor: Robe              ||     1
Dodge: Dodged            ||    33
